Maple Leafs vs Flyers
(R1)
Created - 14 mai 2016 at 08:51
Goals
|
| Maple Leafs |
1 |
4 |
1 |
6 |
| Flyers |
3 |
0 |
1 |
4 |
|
Shots
|
| Maple Leafs |
11 |
17 |
7 |
35 |
| Flyers |
18 |
5 |
10 |
33 |
|
1st period
1. Flyers , Dave Tanabe 2 (Matt Smaby, Patrick Marleau) at 10:18 (PP)
2. Flyers , Loui Eriksson 1 (Kyle Wellwood) at 11:07 (PP)
3. Flyers , Jeff Carter 2 (Dave Tanabe, Dany Heatley) at 16:20 (PP)
4. Maple Leafs , Braydon Coburn 1 (Tobias Enstrom, Claude Giroux) at 19:17
Penalties :
Braydon Coburn (Tor) for Tripping (Minor) at 9:35, Colby Armstrong (Tor) for Interference (Minor) at 11:06, Jeff Carter (Phi) for Holding (Minor) at 14:08, Evgeni Malkin (Tor) for Holding (Minor) at 15:19
2nd period
5. Maple Leafs , Claude Giroux 6 (Tobias Enstrom) at 7:24 (PP)
6. Maple Leafs , Braydon Coburn 2 (Rob Schremp, Blake Comeau) at 10:25
7. Maple Leafs , Rob Schremp 1 (Braydon Coburn, Blake Comeau) at 12:44
8. Maple Leafs , Evgeni Malkin 4 (Claude Giroux) at 16:19 (PP)
Penalties :
Claude Giroux (Tor) for Hooking (Minor) at 3:01, Pavel Kubina (Phi) for Tripping (Minor) at 7:12, Georges Laraque (Phi) for Kneeing (Minor) at 7:27, Matthew Lombardi (Phi) for Hooking (Minor) at 7:39, Mats Zuccarello (Phi) for Hooking (Minor) at 14:58, Rostislav Olesz (Phi) for Roughing (Minor) at 16:15
3rd period
9. Flyers , Jeff Carter 3 (Georges Laraque) at 0:50
10. Maple Leafs , Fabian Brunnstrom 4 (Brendan Morrison, Byron Bitz) at 13:35
Penalties :
Pavel Kubina (Phi) for Fighting (Major) at 1:03, Alexander Frolov (Tor) for Fighting (Major) at 1:03, Alexander Frolov (Tor) for instigated a fight (Minor) at 1:03, Alexander Frolov (Tor) for instigated a fight (10 Minutes Misconduct) at 1:03, Evgeni Malkin (Tor) for Roughing (Minor) at 1:06, Evgeni Malkin (Tor) for Hooking (Minor) at 6:46, Stefan Ruzicka (Phi) for Hooking (Minor) at 9:35, Dany Heatley (Phi) for Hooking (Minor) at 16:58
Goalie Stats
Marc-André Fleury (Tor), 29 saves from 33 shots - (0,879), W, 5-1-0, 60:00 minutes
Cory Schneider (Phi), 29 saves from 35 shots - (0,829), L, 3-1-0, 60:00 minutes
Players Stats for Maple Leafs
Player Name G A P +/- PIM S H SB GA TA FO MP PP MP PK MP
------------------------------------------------------------------------------------
Alexander Frolov 0 0 0 1 17 0 1 2 1 1 0/0 17:17 5:11 1:16
Blake Comeau 0 2 2 2 0 1 2 0 0 0 1/1 9:21 0:46 0:00
Braydon Coburn 2 1 3 4 2 4 0 1 0 2 0/0 29:18 5:28 3:05
Brendan Morrison 0 1 1 1 0 2 4 0 1 0 4/14 17:12 4:17 2:36
Byron Bitz 0 1 1 1 0 0 3 1 1 0 1/1 14:28 4:17 0:13
Claude Giroux 1 2 3 1 2 5 1 0 4 0 3/10 24:23 5:32 2:41
Colby Armstrong 0 0 0 -1 2 0 1 0 0 0 0/0 8:43 0:58 0:02
Evgeni Malkin 1 0 1 1 6 3 1 1 1 2 20/37 22:48 5:31 1:36
Fabian Brunnstrom 1 0 1 1 0 4 0 0 0 0 0/0 16:22 4:13 1:25
Jamie McBain 0 0 0 0 0 1 0 0 0 0 0/0 9:38 0:42 0:00
Jordan Staal 0 0 0 -1 0 0 2 1 0 0 1/6 12:55 0:56 0:00
Justin Abdelkader 0 0 0 2 0 0 1 0 1 0 1/1 8:09 0:00 0:00
Justin Schultz 0 0 0 0 0 1 1 0 0 1 0/0 10:21 0:42 0:43
Marc-Édouard Vlasic 0 0 0 -1 0 2 1 1 1 0 0/0 20:20 4:38 3:09
Matt Pettinger 0 0 0 -1 0 1 0 0 1 0 3/5 9:44 0:00 2:08
Rob Schremp 1 1 2 2 0 3 0 0 0 0 0/3 8:51 0:42 0:00
Taylor Chorney 0 0 0 -1 0 3 0 2 0 1 0/0 20:20 4:38 3:09
Tobias Enstrom 0 2 2 4 0 5 2 2 1 1 0/0 30:02 5:28 3:48
Players Stats for Flyers
Player Name G A P +/- PIM S H SB GA TA FO MP PP MP PK MP
------------------------------------------------------------------------------------
Dany Heatley 0 1 1 1 2 2 0 0 2 2 4/6 20:51 3:09 2:41
Dave Tanabe 1 1 2 -3 0 1 4 0 0 2 0/0 24:39 2:51 3:45
Georges Laraque 0 1 1 1 2 1 2 0 2 0 1/3 16:19 2:56 0:03
James Wisniewski 0 0 0 -1 0 0 0 2 0 0 0/0 10:21 0:44 0:16
Jeff Carter 2 0 2 1 2 6 2 0 0 1 14/24 20:57 3:09 2:28
Jeff O'Neill 0 0 0 -1 0 2 1 0 0 0 4/6 9:01 0:00 1:27
Jeff Woywitka 0 0 0 1 0 1 0 2 0 1 0/0 26:40 4:49 6:51
Kyle McLaren 0 0 0 -1 0 0 0 0 0 0 0/0 9:36 0:00 0:12
Kyle Wellwood 0 1 1 -3 0 2 1 0 2 1 9/19 18:45 3:48 1:03
Loui Eriksson 1 0 1 -3 0 2 1 1 0 0 1/1 17:30 3:48 0:00
Mats Zuccarello 0 0 0 -1 2 5 0 0 0 1 0/0 7:10 0:00 0:00
Matt Smaby 0 1 1 -3 0 2 4 0 2 3 0/0 23:35 1:55 3:45
Matthew Lombardi 0 0 0 0 2 0 2 0 0 0 10/16 13:04 0:00 5:49
Mike York 0 0 0 -1 0 0 0 0 0 0 1/1 5:15 0:00 0:37
Patrick Marleau 0 1 1 -3 0 5 0 1 0 0 0/2 18:54 4:01 0:55
Pavel Kubina 0 0 0 1 7 2 0 3 0 1 0/0 24:52 3:35 6:51
Rostislav Olesz 0 0 0 0 2 1 1 0 0 0 0/0 12:12 0:00 4:36
Stefan Ruzicka 0 0 0 0 2 1 1 0 0 0 0/0 6:43 0:00 0:00
3 Stars
1 - Braydon Coburn (Tor)
2 - Tobias Enstrom (Tor)
3 - Jeff Carter (Phi)
Power Play
Maple Leafs - 2 on 8 Attempt(s) - 25,00%
Flyers - 3 on 7 Attempt(s) - 42,86%
Penalty Kill
Maple Leafs - 4 on 7 Attempt(s) - 57,14%
- Score 0 goal in Penalty Kill
Flyers - 6 on 8 Attempt(s) - 75,00%
- Score 0 goal in Penalty Kill
Team Stat
Maple Leafs - Hits : 20 - Faceoff Wins : 34 - Blocked Shots : 11 - Penalty Minutes : 29
Flyers - Hits : 19 - Faceoff Wins : 44 - Blocked Shots : 9 - Penalty Minutes : 21
Official
Referees : Rooney Chris and Kimmerly Greg
Linesman : Derek Nansen and David Brisebois
Game Notes
Mike York is injured at 17:45 of 2nd period (Strained Right Knee)
Pavel Kubina beats up Alexander Frolov at 1:03 of 3rd period
13:47 of 3rd period - Maple Leafs goal is going for a video replay. After video review, No Goal. The net was displaced accidentally.
Finance
Level 1 -- Attendance: 6000 (100,00%) -- Ticket Income 510 000 $
Level 2 -- Attendance: 5000 (100,00%) -- Ticket Income 250 000 $
Level 3 -- Attendance: 2000 (100,00%) -- Ticket Income 60 000 $
Level 4 -- Attendance: 4000 (100,00%) -- Ticket Income 80 000 $
Luxury Box -- Attendance: 1000 (100,00%) -- Ticket Income 165 000 $
Game was played at the Wells Fargo Center.
Total Attendance: 18000 (100,00%)
Total Ticket Income: 1 065 000 $
Other Income: 159 750 $
Total Income: 1 224 750 $
Maple Leafs
5 vs 5 Forward
Center Left Wing Right Wing Time % Phy DF OF
1 Evgeni Malkin Alexander Frolov Claude Giroux 40 1 2 2
2 Brendan Morrison Fabian Brunnstrom Byron Bitz 30 1 2 2
3 Jordan Staal Matt Pettinger Colby Armstrong 20 1 2 2
4 Rob Schremp Justin Abdelkader Blake Comeau 10 1 2 2
5 vs 5 Defense
Defense Defense Time % Phy DF OF
1 Tobias Enstrom Braydon Coburn 40 1 2 2
2 Marc-Édouard Vlasic Taylor Chorney 30 1 2 2
3 Jamie McBain Justin Schultz 20 1 2 2
4 Tobias Enstrom Braydon Coburn 10 1 2 2
PowerPlay Forward
Center Left Wing Right Wing Time % Phy DF OF
1 Evgeni Malkin Alexander Frolov Claude Giroux 60 1 2 2
2 Brendan Morrison Fabian Brunnstrom Byron Bitz 40 1 2 2
PowerPlay Defense
Defense Defense Time % Phy DF OF
1 Tobias Enstrom Braydon Coburn 60 1 2 2
2 Marc-Édouard Vlasic Taylor Chorney 40 1 2 2
Penalty Kill 4 Players Forward
Center Wing Time % Phy DF OF
1 Claude Giroux Evgeni Malkin 60 1 2 2
2 Alexander Frolov Byron Bitz 40 1 2 2
Penalty Kill 4 Players Defense
Defense Defense Time % Phy DF OF
1 Tobias Enstrom Braydon Coburn 60 1 2 2
2 Marc-Édouard Vlasic Taylor Chorney 40 1 2 2
Penalty Kill - 3 Players Forward
Forward Time % Phy DF OF
1 Claude Giroux 60 1 2 2
2 Evgeni Malkin 40 1 2 2
Penalty Kill - 3 Players Defense
Defense Defense Time % Phy DF OF
1 Tobias Enstrom Braydon Coburn 60 1 2 2
2 Marc-Édouard Vlasic Taylor Chorney 40 1 2 2
4 vs 4 Forward
Center Wing Time % Phy DF OF
1 Claude Giroux Evgeni Malkin 60 1 2 2
2 Alexander Frolov Byron Bitz 40 1 2 2
4 vs 4 Defense
Defense Defense Time % Phy DF OF
1 Tobias Enstrom Braydon Coburn 60 1 2 2
2 Marc-Édouard Vlasic Taylor Chorney 40 1 2 2
Last Minutes Offensive
Center Left Wing Right Wing Defense Defense
Evgeni Malkin Alexander Frolov Claude Giroux Tobias Enstrom Braydon Coburn
Last Minutes Defensive
Center Left Wing Right Wing Defense Defense
Evgeni Malkin Alexander Frolov Claude Giroux Tobias Enstrom Braydon Coburn
Goaltenders
Starting : Marc-André Fleury
Backup : Mike Smith
Extra Forwards
Normal : Jordan Staal, Colby Armstrong, Matt Pettinger - PP : Jordan Staal, Colby Armstrong - PK : Matt Pettinger
Extra Defensemen
Normal : Jamie McBain, Justin Schultz, Marc-Édouard Vlasic - PP : Jamie McBain - PK : Justin Schultz, Marc-Édouard Vlasic
Penalty Shots
Claude Giroux, Evgeni Malkin, Alexander Frolov, Byron Bitz, Brendan Morrison
Flyers
5 vs 5 Forward
Center Left Wing Right Wing Time % Phy DF OF
1 Jeff Carter Dany Heatley Georges Laraque 35 1 0 4
2 Kyle Wellwood Patrick Marleau Loui Eriksson 35 0 0 5
3 Matthew Lombardi Rostislav Olesz Stefan Ruzicka 15 0 3 2
4 Jeff O'Neill Mike York Mats Zuccarello 15 0 3 2
5 vs 5 Defense
Defense Defense Time % Phy DF OF
1 Jeff Woywitka Pavel Kubina 40 1 2 2
2 Dave Tanabe Matt Smaby 40 1 2 2
3 James Wisniewski Kyle McLaren 15 1 4 0
4 Pavel Kubina Jeff Woywitka 5 1 2 2
PowerPlay Forward
Center Left Wing Right Wing Time % Phy DF OF
1 Jeff Carter Dany Heatley Georges Laraque 50 1 2 2
2 Kyle Wellwood Patrick Marleau Loui Eriksson 50 1 2 2
PowerPlay Defense
Defense Defense Time % Phy DF OF
1 Pavel Kubina Jeff Woywitka 50 1 2 2
2 Dave Tanabe Matt Smaby 50 1 2 2
Penalty Kill 4 Players Forward
Center Wing Time % Phy DF OF
1 Matthew Lombardi Rostislav Olesz 60 0 5 0
2 Kyle Wellwood Dany Heatley 40 0 5 0
Penalty Kill 4 Players Defense
Defense Defense Time % Phy DF OF
1 Jeff Woywitka Pavel Kubina 60 0 5 0
2 Matt Smaby Dave Tanabe 40 0 5 0
Penalty Kill - 3 Players Forward
Forward Time % Phy DF OF
1 Matthew Lombardi 60 0 5 0
2 Kyle Wellwood 40 0 5 0
Penalty Kill - 3 Players Defense
Defense Defense Time % Phy DF OF
1 Pavel Kubina Jeff Woywitka 60 0 5 0
2 Dave Tanabe Matt Smaby 40 0 5 0
4 vs 4 Forward
Center Wing Time % Phy DF OF
1 Jeff Carter Dany Heatley 50 1 2 2
2 Kyle Wellwood Loui Eriksson 50 1 2 2
4 vs 4 Defense
Defense Defense Time % Phy DF OF
1 Pavel Kubina Jeff Woywitka 50 1 2 2
2 Dave Tanabe Pavel Kubina 50 1 2 2
Last Minutes Offensive
Center Left Wing Right Wing Defense Defense
Kyle Wellwood Patrick Marleau Loui Eriksson Pavel Kubina Jeff Woywitka
Last Minutes Defensive
Center Left Wing Right Wing Defense Defense
Matthew Lombardi Dany Heatley Georges Laraque Jeff Woywitka Matt Smaby
Goaltenders
Starting : Cory Schneider
Backup : Viktor Fasth
Extra Forwards
Normal : Jeff Carter, Kyle Wellwood, Patrick Marleau - PP : Jeff Carter, Kyle Wellwood - PK : Matthew Lombardi
Extra Defensemen
Normal : Pavel Kubina, Jeff Woywitka, Dave Tanabe - PP : Pavel Kubina - PK : Jeff Woywitka, Matt Smaby
Penalty Shots
Patrick Marleau, Dany Heatley, Jeff Carter, Loui Eriksson, Kyle Wellwood
% Time on Ice - Maple Leafs
Lines # - Real PCT - Wanted PCT - Time Play
Normal Forward
1 - 39% - 40% - 16:22
2 - 24% - 30% - 10:07
3 - 16% - 20% - 6:49
4 - 20% - 10% - 8:09
Normal Defense
1 - 45% - 40% - 18:50
2 - 30% - 30% - 12:30
3 - 22% - 20% - 8:55
4 - 3% - 10% - 1:12
PP Forward
1 - 55% - 60% - 5:54
2 - 45% - 40% - 4:54
PP Defense
1 - 57% - 60% - 6:10
2 - 43% - 40% - 4:38
PK Forward
1 - 95% - 60% - 4:45
2 - 5% - 40% - 0:16
PK Defense
1 - 56% - 60% - 2:49
2 - 44% - 40% - 2:12
PK3 Forward
1 - 66% - 60% - 1:16
2 - 34% - 40% - 0:40
PK3 Defense
1 - 51% - 60% - 0:59
2 - 49% - 40% - 0:57
44 Forward
1 - 100% - 60% - 0:48
2 - 0% - 40% - 0:00
44 Defense
1 - 94% - 60% - 0:45
2 - 6% - 40% - 0:03
Last Minute Offensive - 0:00
Last Minute Defensive - 0:00
Total
Forward - 60:00
Defense - 60:00
|
% Time on Ice - Flyers
Lines # - Real PCT - Wanted PCT - Time Play
Normal Forward
1 - 36% - 35% - 14:51
2 - 31% - 35% - 12:52
3 - 16% - 15% - 6:33
4 - 17% - 15% - 7:11
Normal Defense
1 - 36% - 40% - 15:01
2 - 42% - 40% - 17:15
3 - 20% - 15% - 8:29
4 - 2% - 5% - 0:42
PP Forward
1 - 45% - 50% - 3:09
2 - 55% - 50% - 3:48
PP Defense
1 - 69% - 50% - 4:49
2 - 31% - 50% - 2:08
PK Forward
1 - 89% - 60% - 7:58
2 - 11% - 40% - 0:59
PK Defense
1 - 65% - 60% - 5:50
2 - 35% - 40% - 3:07
PK3 Forward
1 - 100% - 60% - 1:51
2 - 0% - 40% - 0:00
PK3 Defense
1 - 66% - 60% - 1:13
2 - 34% - 40% - 0:38
44 Forward
1 - 73% - 50% - 0:35
2 - 27% - 50% - 0:13
44 Defense
1 - 54% - 50% - 0:26
2 - 46% - 50% - 0:22
Last Minute Offensive - 0:00
Last Minute Defensive - 0:00
Total
Forward - 60:00
Defense - 60:00
|
Play by Play
1st period
0:01 of 1st period - Jeff Carter wins face-off versus Evgeni Malkin in neutral zone.
0:46 of 1st period - Wrist shot by Rob Schremp.
0:46 of 1st period - Shot Misses the Net.
0:52 of 1st period - Patrick Marleau is hit by Justin Abdelkader and loses puck.
1:32 of 1st period - Snap shot by Patrick Marleau.
1:32 of 1st period - Stopped by Marc-André Fleury with a rebound.
2:14 of 1st period - Snap shot by Rob Schremp.
2:14 of 1st period - Shot Hit the Post.
2:16 of 1st period - Slapshot by Taylor Chorney.
2:16 of 1st period - Shot Blocked by Loui Eriksson.
2:18 of 1st period - Snap shot by Taylor Chorney.
2:18 of 1st period - Deflect By Loui Eriksson.
2:18 of 1st period - Stopped by Cory Schneider with a rebound.
2:20 of 1st period - Slapshot by Rob Schremp.
2:20 of 1st period - Shot Misses the Net.
2:22 of 1st period - Snap shot by Taylor Chorney.
2:22 of 1st period - Stopped by Cory Schneider with a rebound.
2:24 of 1st period - Slapshot by Taylor Chorney.
2:24 of 1st period - Stopped by Cory Schneider with a rebound.
2:31 of 1st period - Off-side.
2:32 of 1st period - Jeff Carter wins face-off versus Evgeni Malkin in neutral zone.
3:17 of 1st period - Slapshot by Jeff O'Neill.
3:17 of 1st period - Deflect By Tobias Enstrom.
3:17 of 1st period - Stopped by Marc-André Fleury without a rebound.
3:18 of 1st period - Jeff O'Neill wins face-off versus Jordan Staal in Maple Leafs zone.
3:52 of 1st period - Wrist shot by Jeff Carter.
3:52 of 1st period - Shot Misses the Net.
4:04 of 1st period - Snap shot by Rostislav Olesz.
4:04 of 1st period - Deflect By Stefan Ruzicka.
4:04 of 1st period - Stopped by Marc-André Fleury with a rebound.
4:06 of 1st period - Slapshot by Pavel Kubina.
4:06 of 1st period - Shot Blocked by Alexander Frolov.
5:16 of 1st period - Icing by Byron Bitz.
5:17 of 1st period - Brendan Morrison wins face-off versus Matthew Lombardi in Maple Leafs zone.
5:38 of 1st period - Snap shot by Matt Pettinger.
5:38 of 1st period - Stopped by Cory Schneider without a rebound.
5:39 of 1st period - Jeff Carter wins face-off versus Jordan Staal in Flyers zone.
5:39 of 1st period - Jeff Carter is hit by Colby Armstrong.
5:47 of 1st period - Wrist shot by Dany Heatley.
5:47 of 1st period - Shot Blocked by Tobias Enstrom.
5:49 of 1st period - Slapshot by Dave Tanabe.
5:49 of 1st period - Shot Blocked by Jordan Staal.
6:07 of 1st period - Slapshot by Jeff Carter.
6:07 of 1st period - Stopped by Marc-André Fleury without a rebound.
6:08 of 1st period - Jeff O'Neill wins face-off versus Brendan Morrison in Maple Leafs zone.
6:21 of 1st period - Slapshot by Mike York.
6:21 of 1st period - Deflect By Mats Zuccarello.
6:21 of 1st period - Stopped by Marc-André Fleury with a rebound.
6:23 of 1st period - Slapshot by Pavel Kubina.
6:23 of 1st period - Deflect By Mats Zuccarello.
6:23 of 1st period - Stopped by Marc-André Fleury without a rebound.
6:24 of 1st period - Evgeni Malkin wins face-off versus Jeff Carter in Maple Leafs zone.
6:33 of 1st period - Wrist shot by Claude Giroux.
6:33 of 1st period - Stopped by Cory Schneider with a rebound.
6:35 of 1st period - Slapshot by Braydon Coburn.
6:35 of 1st period - Stopped by Cory Schneider without a rebound.
6:36 of 1st period - Evgeni Malkin wins face-off versus Georges Laraque in Flyers zone.
7:03 of 1st period - Matt Pettinger is hit by Matt Smaby and loses puck.
7:12 of 1st period - Snap shot by Loui Eriksson.
7:12 of 1st period - Shot Misses the Net.
7:16 of 1st period - Wrist shot by Loui Eriksson.
7:16 of 1st period - Shot Hit the Post.
7:55 of 1st period - Wrist shot by Mats Zuccarello.
7:55 of 1st period - Stopped by Marc-André Fleury without a rebound.
7:56 of 1st period - Kyle Wellwood wins face-off versus Jordan Staal in Maple Leafs zone.
8:05 of 1st period - Snap shot by Patrick Marleau.
8:05 of 1st period - Deflect By Loui Eriksson.
8:05 of 1st period - Stopped by Marc-André Fleury with a rebound.
8:11 of 1st period - Snap shot by Patrick Marleau.
8:11 of 1st period - Stopped by Marc-André Fleury without a rebound.
8:12 of 1st period - Jeff Carter wins face-off versus Claude Giroux in Maple Leafs zone.
8:15 of 1st period - Slapshot by Jeff Carter.
8:15 of 1st period - Shot Blocked by Taylor Chorney.
8:39 of 1st period - Patrick Marleau is hit by Byron Bitz and loses puck.
9:12 of 1st period - Icing by James Wisniewski.
9:13 of 1st period - Jeff O'Neill wins face-off versus Evgeni Malkin in Flyers zone.
9:26 of 1st period - Snap shot by Jeff O'Neill.
9:26 of 1st period - Deflect By Mats Zuccarello.
9:26 of 1st period - Shot Misses the Net.
9:26 of 1st period - Puck is out of play.
9:27 of 1st period - Jeff Carter wins face-off versus Evgeni Malkin in Maple Leafs zone.
9:35 of 1st period - Minor Penalty to Braydon Coburn for Tripping.
9:36 of 1st period - Jeff Carter wins face-off versus Claude Giroux in Maple Leafs zone.
10:08 of 1st period - Wrist shot by Kyle Wellwood.
10:08 of 1st period - Shot Misses the Net.
10:10 of 1st period - Slapshot by Dave Tanabe.
10:10 of 1st period - Shot Misses the Net.
10:12 of 1st period - Snap shot by Patrick Marleau.
10:12 of 1st period - Shot Misses the Net.
10:14 of 1st period - Slapshot by Matt Smaby.
10:14 of 1st period - Shot Blocked by Byron Bitz.
10:16 of 1st period - Slapshot by Matt Smaby.
10:16 of 1st period - Shot Blocked by Tobias Enstrom.
10:18 of 1st period - Slapshot by Dave Tanabe.
10:18 of 1st period - Goal by Dave Tanabe - Maple Leafs : 0 - Flyers : 1.
10:19 of 1st period - Evgeni Malkin wins face-off versus Jeff Carter in neutral zone.
10:46 of 1st period - Braydon Coburn is hit by Kyle Wellwood and loses puck.
11:06 of 1st period - Minor Penalty to Colby Armstrong for Interference.
11:07 of 1st period - Kyle Wellwood wins face-off versus Claude Giroux in Maple Leafs zone.
11:07 of 1st period - Slapshot by Loui Eriksson.
11:07 of 1st period - Goal by Loui Eriksson - Maple Leafs : 0 - Flyers : 2.
11:08 of 1st period - Dany Heatley wins face-off versus Evgeni Malkin in neutral zone.
11:33 of 1st period - Brendan Morrison is hit by Stefan Ruzicka and loses puck.
11:44 of 1st period - Slapshot by Rostislav Olesz.
11:44 of 1st period - Stopped by Marc-André Fleury without a rebound.
11:45 of 1st period - Kyle Wellwood wins face-off versus Jordan Staal in Maple Leafs zone.
11:50 of 1st period - Slapshot by Kyle Wellwood.
11:50 of 1st period - Stopped by Marc-André Fleury with a rebound.
12:22 of 1st period - Snap shot by Dany Heatley.
12:22 of 1st period - Stopped by Marc-André Fleury with a rebound.
12:58 of 1st period - Snap shot by Mats Zuccarello.
12:58 of 1st period - Shot Blocked by Braydon Coburn.
13:00 of 1st period - Snap shot by Matt Smaby.
13:00 of 1st period - Stopped by Marc-André Fleury with a rebound.
13:02 of 1st period - Snap shot by Mats Zuccarello.
13:02 of 1st period - Stopped by Marc-André Fleury with a rebound.
13:40 of 1st period - Icing by Evgeni Malkin.
13:41 of 1st period - Evgeni Malkin wins face-off versus Jeff Carter in Maple Leafs zone.
13:41 of 1st period - Evgeni Malkin is hit by Jeff Carter.
13:47 of 1st period - Wrist shot by Claude Giroux.
13:47 of 1st period - Shot Blocked by Jeff Woywitka.
13:49 of 1st period - Slapshot by Alexander Frolov.
13:49 of 1st period - Shot Misses the Net.
14:08 of 1st period - Minor Penalty to Jeff Carter for Holding.
14:09 of 1st period - Matthew Lombardi wins face-off versus Evgeni Malkin in Flyers zone.
14:16 of 1st period - Off-side.
14:17 of 1st period - Evgeni Malkin wins face-off versus Matthew Lombardi in neutral zone.
14:42 of 1st period - Wrist shot by Claude Giroux.
14:42 of 1st period - Deflect By Evgeni Malkin.
14:42 of 1st period - Shot Misses the Net.
14:42 of 1st period - Puck is out of play.
14:43 of 1st period - Matthew Lombardi wins face-off versus Brendan Morrison in Flyers zone.
15:19 of 1st period - Minor Penalty to Evgeni Malkin for Holding.
15:20 of 1st period - Kyle Wellwood wins face-off versus Claude Giroux in Maple Leafs zone.
16:03 of 1st period - Braydon Coburn is hit by Dave Tanabe and loses puck.
16:08 of 1st period - Penalty to Jeff Carter is over, Jeff Carter is back on ice.
16:20 of 1st period - Snap shot by Jeff Carter.
16:20 of 1st period - Goal by Jeff Carter - Maple Leafs : 0 - Flyers : 3.
16:21 of 1st period - Byron Bitz wins face-off versus Patrick Marleau in neutral zone.
16:24 of 1st period - Slapshot by Tobias Enstrom.
16:24 of 1st period - Stopped by Cory Schneider with a rebound.
16:30 of 1st period - Kyle Wellwood is hit by Tobias Enstrom and loses puck.
16:34 of 1st period - Icing by Kyle Wellwood.
16:35 of 1st period - Loui Eriksson wins face-off versus Evgeni Malkin in Flyers zone.
16:55 of 1st period - Wrist shot by Kyle Wellwood.
16:55 of 1st period - Shot Blocked by Alexander Frolov.
17:36 of 1st period - Off-side.
17:37 of 1st period - Jeff Carter wins face-off versus Brendan Morrison in neutral zone.
17:42 of 1st period - Slapshot by Pavel Kubina.
17:42 of 1st period - Deflect By Georges Laraque.
17:42 of 1st period - Shot Misses the Net.
17:42 of 1st period - Puck is out of play.
17:43 of 1st period - Jeff Carter wins face-off versus Brendan Morrison in Maple Leafs zone.
18:08 of 1st period - Justin Schultz is hit by Matthew Lombardi and loses puck.
18:31 of 1st period - Kyle McLaren is hit by Blake Comeau and loses puck.
18:47 of 1st period - Icing by Jeff O'Neill.
18:48 of 1st period - Georges Laraque wins face-off versus Brendan Morrison in Flyers zone.
18:53 of 1st period - Dany Heatley is hit by Marc-Édouard Vlasic and loses puck.
19:03 of 1st period - Off-side.
19:04 of 1st period - Evgeni Malkin wins face-off versus Kyle Wellwood in neutral zone.
19:11 of 1st period - Snap shot by Claude Giroux.
19:11 of 1st period - Stopped by Cory Schneider with a rebound.
19:13 of 1st period - Slapshot by Claude Giroux.
19:13 of 1st period - Stopped by Cory Schneider with a rebound.
19:15 of 1st period - Slapshot by Tobias Enstrom.
19:15 of 1st period - Stopped by Cory Schneider with a rebound.
19:17 of 1st period - Slapshot by Braydon Coburn.
19:17 of 1st period - Goal by Braydon Coburn - Maple Leafs : 1 - Flyers : 3.
19:18 of 1st period - Dany Heatley wins face-off versus Brendan Morrison in neutral zone.
19:29 of 1st period - Snap shot by Jeff Carter.
19:29 of 1st period - Stopped by Marc-André Fleury with a rebound.
Goals for this period are 1 for Maple Leafs vs 3 for Flyers.
Shots for this period are 11 for Maple Leafs vs 18 for Flyers.
2nd period
0:01 of 2nd period - Brendan Morrison wins face-off versus Georges Laraque in neutral zone.
0:08 of 2nd period - Pavel Kubina is hit by Brendan Morrison and loses puck.
0:15 of 2nd period - Snap shot by Brendan Morrison.
0:15 of 2nd period - Shot Blocked by Pavel Kubina.
0:31 of 2nd period - Slapshot by Evgeni Malkin.
0:31 of 2nd period - Shot Blocked by Pavel Kubina.
1:36 of 2nd period - Snap shot by Fabian Brunnstrom.
1:36 of 2nd period - Shot Misses the Net.
2:51 of 2nd period - Fabian Brunnstrom is hit by Georges Laraque and loses puck.
2:58 of 2nd period - Wrist shot by Dany Heatley.
2:58 of 2nd period - Deflect By Georges Laraque.
2:58 of 2nd period - Shot Misses the Net.
2:58 of 2nd period - Puck is out of play.
2:59 of 2nd period - Evgeni Malkin wins face-off versus Kyle Wellwood in Maple Leafs zone.
3:01 of 2nd period - Minor Penalty to Claude Giroux for Hooking.
3:02 of 2nd period - Kyle Wellwood wins face-off versus Matt Pettinger in Maple Leafs zone.
3:02 of 2nd period - Snap shot by Loui Eriksson.
3:02 of 2nd period - Deflect By Patrick Marleau.
3:02 of 2nd period - Stopped by Marc-André Fleury without a rebound.
3:03 of 2nd period - Matt Pettinger wins face-off versus Kyle Wellwood in Maple Leafs zone.
3:07 of 2nd period - Off-side.
3:08 of 2nd period - Matt Pettinger wins face-off versus Kyle Wellwood in neutral zone.
3:13 of 2nd period - Slapshot by Tobias Enstrom.
3:13 of 2nd period - Stopped by Cory Schneider without a rebound.
3:14 of 2nd period - Matt Pettinger wins face-off versus Kyle Wellwood in Flyers zone.
3:25 of 2nd period - Slapshot by Pavel Kubina.
3:25 of 2nd period - Stopped by Marc-André Fleury without a rebound.
3:26 of 2nd period - Dany Heatley wins face-off versus Matt Pettinger in Maple Leafs zone.
3:53 of 2nd period - Jeff Carter is hit by Evgeni Malkin and loses puck.
4:21 of 2nd period - Taylor Chorney is hit by Jeff Carter and loses puck.
5:01 of 2nd period - Penalty to Claude Giroux is over, Claude Giroux is back on ice.
5:13 of 2nd period - Jordan Staal is hit by Matt Smaby and loses puck.
5:42 of 2nd period - Tobias Enstrom is hit by Loui Eriksson and loses puck.
5:59 of 2nd period - Jordan Staal is hit by Rostislav Olesz and loses puck.
6:09 of 2nd period - Icing by Braydon Coburn.
6:10 of 2nd period - Mike York wins face-off versus Jordan Staal in Maple Leafs zone.
6:11 of 2nd period - Wrist shot by Mats Zuccarello.
6:11 of 2nd period - Stopped by Marc-André Fleury with a rebound.
6:27 of 2nd period - Wrist shot by Rob Schremp.
6:27 of 2nd period - Stopped by Cory Schneider without a rebound.
6:28 of 2nd period - Matthew Lombardi wins face-off versus Rob Schremp in Flyers zone.
6:53 of 2nd period - Kyle Wellwood is hit by Justin Schultz and loses puck.
6:58 of 2nd period - Snap shot by Fabian Brunnstrom.
6:58 of 2nd period - Stopped by Cory Schneider with a rebound.
7:00 of 2nd period - Wrist shot by Jamie McBain.
7:00 of 2nd period - Stopped by Cory Schneider with a rebound.
7:02 of 2nd period - Wrist shot by Brendan Morrison.
7:02 of 2nd period - Stopped by Cory Schneider with a rebound.
7:04 of 2nd period - Wrist shot by Fabian Brunnstrom.
7:04 of 2nd period - Stopped by Cory Schneider with a rebound.
7:12 of 2nd period - Minor Penalty to Pavel Kubina for Tripping.
7:13 of 2nd period - Matthew Lombardi wins face-off versus Claude Giroux in Flyers zone.
7:24 of 2nd period - Snap shot by Claude Giroux.
7:24 of 2nd period - Goal by Claude Giroux - Maple Leafs : 2 - Flyers : 3.
7:25 of 2nd period - Jeff Carter wins face-off versus Evgeni Malkin in neutral zone.
7:27 of 2nd period - Minor Penalty to Georges Laraque for Kneeing.
7:28 of 2nd period - Matthew Lombardi wins face-off versus Evgeni Malkin in Flyers zone.
7:39 of 2nd period - Minor Penalty to Matthew Lombardi for Hooking.
7:40 of 2nd period - Jeff Carter wins face-off versus Evgeni Malkin in Flyers zone.
7:51 of 2nd period - Slapshot by Tobias Enstrom.
7:51 of 2nd period - Deflect By Pavel Kubina.
7:51 of 2nd period - Stopped by Cory Schneider without a rebound.
7:52 of 2nd period - Jeff Carter wins face-off versus Evgeni Malkin in Flyers zone.
7:58 of 2nd period - Off-side.
7:59 of 2nd period - Evgeni Malkin wins face-off versus Jeff Carter in neutral zone.
8:08 of 2nd period - Slapshot by Pavel Kubina.
8:08 of 2nd period - Stopped by Marc-André Fleury with a rebound.
8:14 of 2nd period - Slapshot by Braydon Coburn.
8:14 of 2nd period - Stopped by Cory Schneider with a rebound.
8:48 of 2nd period - Slapshot by Evgeni Malkin.
8:48 of 2nd period - Stopped by Cory Schneider without a rebound.
8:49 of 2nd period - Brendan Morrison wins face-off versus Jeff O'Neill in Flyers zone.
9:27 of 2nd period - Penalty to Georges Laraque is over, Georges Laraque is back on ice.
9:39 of 2nd period - Penalty to Matthew Lombardi is over, Matthew Lombardi is back on ice.
9:46 of 2nd period - Slapshot by Fabian Brunnstrom.
9:46 of 2nd period - Stopped by Cory Schneider without a rebound.
9:47 of 2nd period - Evgeni Malkin wins face-off versus Kyle Wellwood in Flyers zone.
10:14 of 2nd period - Loui Eriksson is hit by Tobias Enstrom and loses puck.
10:25 of 2nd period - Slapshot by Braydon Coburn.
10:25 of 2nd period - Deflect By Kyle McLaren.
10:25 of 2nd period - Goal by Braydon Coburn - Maple Leafs : 3 - Flyers : 3.
10:26 of 2nd period - Jeff Carter wins face-off versus Evgeni Malkin in neutral zone.
11:40 of 2nd period - Wrist shot by Georges Laraque.
11:40 of 2nd period - Stopped by Marc-André Fleury with a rebound.
11:52 of 2nd period - Wrist shot by Blake Comeau.
11:52 of 2nd period - Shot Blocked by James Wisniewski.
11:54 of 2nd period - Wrist shot by Evgeni Malkin.
11:54 of 2nd period - Shot Blocked by James Wisniewski.
12:40 of 2nd period - Snap shot by Blake Comeau.
12:40 of 2nd period - Shot Misses the Net.
12:42 of 2nd period - Snap shot by Blake Comeau.
12:42 of 2nd period - Stopped by Cory Schneider with a rebound.
12:44 of 2nd period - Slapshot by Braydon Coburn.
12:44 of 2nd period - Deflect By Rob Schremp.
12:44 of 2nd period - Goal by Rob Schremp - Maple Leafs : 4 - Flyers : 3.
12:45 of 2nd period - Evgeni Malkin wins face-off versus Dany Heatley in neutral zone.
13:37 of 2nd period - Matt Pettinger is hit by Jeff O'Neill and loses puck.
14:07 of 2nd period - Icing by Marc-Édouard Vlasic.
14:08 of 2nd period - Blake Comeau wins face-off versus Jeff Carter in Maple Leafs zone.
14:08 of 2nd period - Blake Comeau is hit by Dave Tanabe.
14:30 of 2nd period - Snap shot by Marc-Édouard Vlasic.
14:30 of 2nd period - Stopped by Cory Schneider with a rebound.
14:58 of 2nd period - Minor Penalty to Mats Zuccarello for Hooking.
14:59 of 2nd period - Evgeni Malkin wins face-off versus Matthew Lombardi in Flyers zone.
15:05 of 2nd period - Snap shot by Evgeni Malkin.
15:05 of 2nd period - Stopped by Cory Schneider with a rebound.
15:30 of 2nd period - Off-side.
15:31 of 2nd period - Brendan Morrison wins face-off versus Kyle Wellwood in neutral zone.
15:56 of 2nd period - Marc-Édouard Vlasic is hit by Matt Smaby and loses puck.
16:15 of 2nd period - Minor Penalty to Rostislav Olesz for Roughing.
16:16 of 2nd period - Evgeni Malkin wins face-off versus Matthew Lombardi in Flyers zone.
16:19 of 2nd period - Wrist shot by Evgeni Malkin.
16:19 of 2nd period - Goal by Evgeni Malkin - Maple Leafs : 5 - Flyers : 3.
16:20 of 2nd period - Evgeni Malkin wins face-off versus Matthew Lombardi in neutral zone.
16:56 of 2nd period - Fabian Brunnstrom is hit by Matthew Lombardi and loses puck.
17:03 of 2nd period - Jeff Woywitka is hit by Brendan Morrison and loses puck.
17:44 of 2nd period - Mike York is hit by Byron Bitz and loses puck.
17:45 of 2nd period - Mike York from Flyers is injured at 17:45 of 2nd period (Strained Right Knee).
17:46 of 2nd period - Matthew Lombardi wins face-off versus Claude Giroux in Flyers zone.
17:46 of 2nd period - Matthew Lombardi is hit by Claude Giroux.
18:15 of 2nd period - Penalty to Rostislav Olesz is over, Rostislav Olesz is back on ice.
Goals for this period are 4 for Maple Leafs vs 0 for Flyers.
Shots for this period are 17 for Maple Leafs vs 5 for Flyers.
3rd period
0:01 of 3rd period - Jeff Carter wins face-off versus Evgeni Malkin in neutral zone.
0:12 of 3rd period - Slapshot by Evgeni Malkin.
0:12 of 3rd period - Shot Misses the Net.
0:36 of 3rd period - Slapshot by Brendan Morrison.
0:36 of 3rd period - Stopped by Cory Schneider with a rebound.
0:38 of 3rd period - Slapshot by Tobias Enstrom.
0:38 of 3rd period - Stopped by Cory Schneider without a rebound.
0:39 of 3rd period - Jordan Staal wins face-off versus Jeff Carter in Flyers zone.
0:50 of 3rd period - Wrist shot by Jeff Carter.
0:50 of 3rd period - Goal by Jeff Carter - Maple Leafs : 5 - Flyers : 4.
0:51 of 3rd period - Dany Heatley wins face-off versus Evgeni Malkin in neutral zone.
1:03 of 3rd period - Pavel Kubina beats up Alexander Frolov.
1:03 of 3rd period - Penalty to Pavel Kubina for Fighting.
1:03 of 3rd period - Penalty to Alexander Frolov for Fighting.
1:03 of 3rd period - Penalty to Alexander Frolov for instigated a fight.
1:03 of 3rd period - Penalty to Alexander Frolov for instigated a fight.
1:04 of 3rd period - Claude Giroux wins face-off versus Kyle Wellwood in Maple Leafs zone.
1:06 of 3rd period - Minor Penalty to Evgeni Malkin for Roughing.
1:07 of 3rd period - Kyle Wellwood wins face-off versus Claude Giroux in Maple Leafs zone.
1:42 of 3rd period - Claude Giroux is hit by Georges Laraque and loses puck.
2:37 of 3rd period - Slapshot by Taylor Chorney.
2:37 of 3rd period - Shot Blocked by Jeff Woywitka.
3:03 of 3rd period - Penalty to Alexander Frolov is over, Fabian Brunnstrom is send on ice.
3:06 of 3rd period - Penalty to Evgeni Malkin is over, Evgeni Malkin is back on ice.
4:23 of 3rd period - James Wisniewski is hit by Blake Comeau and loses puck.
4:28 of 3rd period - Snap shot by Rob Schremp.
4:28 of 3rd period - Shot Blocked by Patrick Marleau.
4:30 of 3rd period - Slapshot by Justin Schultz.
4:30 of 3rd period - Stopped by Cory Schneider with a rebound.
4:32 of 3rd period - Snap shot by Rob Schremp.
4:32 of 3rd period - Stopped by Cory Schneider with a rebound.
4:42 of 3rd period - Georges Laraque is hit by Jordan Staal and loses puck.
5:34 of 3rd period - Icing by Braydon Coburn.
5:35 of 3rd period - Jeff O'Neill wins face-off versus Rob Schremp in Maple Leafs zone.
5:51 of 3rd period - Tobias Enstrom is hit by Dave Tanabe and loses puck.
6:01 of 3rd period - Icing by Tobias Enstrom.
6:02 of 3rd period - Matthew Lombardi wins face-off versus Brendan Morrison in Maple Leafs zone.
6:19 of 3rd period - Matt Smaby is hit by Brendan Morrison and loses puck.
6:38 of 3rd period - Wrist shot by Dany Heatley.
6:38 of 3rd period - Deflect By Jeff Carter.
6:38 of 3rd period - Stopped by Marc-André Fleury with a rebound.
6:46 of 3rd period - Minor Penalty to Evgeni Malkin for Hooking.
6:47 of 3rd period - Claude Giroux wins face-off versus Kyle Wellwood in Maple Leafs zone.
7:09 of 3rd period - Icing by Kyle Wellwood.
7:10 of 3rd period - Claude Giroux wins face-off versus Kyle Wellwood in Flyers zone.
7:53 of 3rd period - Snap shot by Patrick Marleau.
7:53 of 3rd period - Stopped by Marc-André Fleury with a rebound.
7:55 of 3rd period - Slapshot by Pavel Kubina.
7:55 of 3rd period - Shot Misses the Net.
7:57 of 3rd period - Slapshot by Jeff Woywitka.
7:57 of 3rd period - Stopped by Marc-André Fleury with a rebound.
8:27 of 3rd period - Snap shot by Loui Eriksson.
8:27 of 3rd period - Shot Misses the Net.
8:41 of 3rd period - Slapshot by Pavel Kubina.
8:41 of 3rd period - Shot Misses the Net.
8:46 of 3rd period - Penalty to Evgeni Malkin is over, Evgeni Malkin is back on ice.
8:49 of 3rd period - Slapshot by Kyle Wellwood.
8:49 of 3rd period - Shot Misses the Net.
8:51 of 3rd period - Snap shot by Patrick Marleau.
8:51 of 3rd period - Shot Blocked by Evgeni Malkin.
8:53 of 3rd period - Slapshot by Kyle Wellwood.
8:53 of 3rd period - Stopped by Marc-André Fleury without a rebound.
8:54 of 3rd period - Evgeni Malkin wins face-off versus Jeff Carter in Maple Leafs zone.
9:03 of 3rd period - Evgeni Malkin is hit by Matt Smaby and loses puck.
9:35 of 3rd period - Minor Penalty to Stefan Ruzicka for Hooking.
9:36 of 3rd period - Matthew Lombardi wins face-off versus Evgeni Malkin in Flyers zone.
9:41 of 3rd period - Slapshot by Matt Smaby.
9:41 of 3rd period - Stopped by Marc-André Fleury without a rebound.
9:42 of 3rd period - Evgeni Malkin wins face-off versus Matthew Lombardi in Maple Leafs zone.
9:49 of 3rd period - Wrist shot by Tobias Enstrom.
9:49 of 3rd period - Deflect By Evgeni Malkin.
9:49 of 3rd period - Shot Misses the Net.
9:49 of 3rd period - Puck is out of play.
9:50 of 3rd period - Matthew Lombardi wins face-off versus Evgeni Malkin in Flyers zone.
11:35 of 3rd period - Penalty to Stefan Ruzicka is over, Stefan Ruzicka is back on ice.
11:36 of 3rd period - Braydon Coburn is hit by Dave Tanabe and loses puck.
11:45 of 3rd period - Snap shot by Stefan Ruzicka.
11:45 of 3rd period - Deflect By Jeff Carter.
11:45 of 3rd period - Shot Misses the Net.
11:45 of 3rd period - Puck is out of play.
11:46 of 3rd period - Justin Abdelkader wins face-off versus Patrick Marleau in Maple Leafs zone.
12:19 of 3rd period - Icing by Mats Zuccarello.
12:20 of 3rd period - Evgeni Malkin wins face-off versus Jeff O'Neill in Flyers zone.
12:39 of 3rd period - Wrist shot by Mats Zuccarello.
12:39 of 3rd period - Shot Blocked by Taylor Chorney.
12:41 of 3rd period - Backhand shot by Mats Zuccarello.
12:41 of 3rd period - Shot Misses the Net.
12:43 of 3rd period - Slapshot by Jeff O'Neill.
12:43 of 3rd period - Stopped by Marc-André Fleury without a rebound.
12:44 of 3rd period - Kyle Wellwood wins face-off versus Brendan Morrison in Maple Leafs zone.
12:51 of 3rd period - Wrist shot by Patrick Marleau.
12:51 of 3rd period - Stopped by Marc-André Fleury with a rebound.
12:54 of 3rd period - Icing by Tobias Enstrom.
12:55 of 3rd period - Kyle Wellwood wins face-off versus Brendan Morrison in Maple Leafs zone.
13:14 of 3rd period - Kyle Wellwood is hit by Brendan Morrison and loses puck.
13:33 of 3rd period - Wrist shot by Brendan Morrison.
13:33 of 3rd period - Shot Misses the Net.
13:35 of 3rd period - Slapshot by Fabian Brunnstrom.
13:35 of 3rd period - Goal by Fabian Brunnstrom - Maple Leafs : 6 - Flyers : 4.
13:36 of 3rd period - Evgeni Malkin wins face-off versus Jeff Carter in neutral zone.
13:45 of 3rd period - Wrist shot by Evgeni Malkin.
13:45 of 3rd period - Shot Blocked by Pavel Kubina.
13:47 of 3rd period - Snap shot by Claude Giroux.
13:47 of 3rd period - Maple Leafs goal is going for a video replay.
13:47 of 3rd period - The goal is refused. The net was displaced accidentally..
13:48 of 3rd period - Evgeni Malkin wins face-off versus Jeff Carter in Flyers zone.
14:41 of 3rd period - Wrist shot by Rostislav Olesz.
14:41 of 3rd period - Deflect By Matthew Lombardi.
14:41 of 3rd period - Shot Blocked by Marc-Édouard Vlasic.
14:41 of 3rd period - Puck is out of play.
14:42 of 3rd period - Jeff Carter wins face-off versus Evgeni Malkin in Maple Leafs zone.
14:43 of 3rd period - Slapshot by Dany Heatley.
14:43 of 3rd period - Stopped by Marc-André Fleury without a rebound.
14:44 of 3rd period - Evgeni Malkin wins face-off versus Jeff Carter in Maple Leafs zone.
14:54 of 3rd period - Icing by Dave Tanabe.
14:55 of 3rd period - Evgeni Malkin wins face-off versus Dany Heatley in Flyers zone.
15:14 of 3rd period - Wrist shot by Jeff Carter.
15:14 of 3rd period - Stopped by Marc-André Fleury with a rebound.
15:20 of 3rd period - Georges Laraque is hit by Jordan Staal and loses puck.
16:03 of 3rd period - 10 Minutes Misconduct Penalty to Alexander Frolov is over.
16:23 of 3rd period - Slapshot by Claude Giroux.
16:23 of 3rd period - Shot Misses the Net.
16:58 of 3rd period - Minor Penalty to Dany Heatley for Hooking.
16:59 of 3rd period - Matthew Lombardi wins face-off versus Brendan Morrison in Flyers zone.
17:03 of 3rd period - Slapshot by Brendan Morrison.
17:03 of 3rd period - Shot Misses the Net.
17:05 of 3rd period - Snap shot by Marc-Édouard Vlasic.
17:05 of 3rd period - Stopped by Cory Schneider with a rebound.
17:19 of 3rd period - Matthew Lombardi is hit by Byron Bitz and loses puck.
18:49 of 3rd period - Icing by Justin Schultz.
18:50 of 3rd period - Kyle Wellwood wins face-off versus Rob Schremp in Maple Leafs zone.
18:58 of 3rd period - Penalty to Dany Heatley is over, Dany Heatley is back on ice.
19:13 of 3rd period - Kyle Wellwood is hit by Alexander Frolov and loses puck.
Goals for this period are 1 for Maple Leafs vs 1 for Flyers.
Shots for this period are 7 for Maple Leafs vs 10 for Flyers.
Back to the Top